 Dungeon Crawl Stone Soup version 0.20-a0-454-g2b43fbb (webtiles) character file.

310 HarleyQuinn the Skirmisher (level 6, -4/51 HPs)
             Began as a Demonspawn Gladiator on Jan 8, 2017.
             Was a Follower of Dithmenos.
             Slain by an orc priest
             ... wielding a +0 hand axe
              (7 damage)
             ... on level 4 of the Dungeon.
             The game lasted 00:04:52 (5744 turns).

HarleyQuinn the Skirmisher (Demonspawn Gladiator)   Turns: 5744, Time: 00:04:53

Health: -4/51      AC:  7    Str: 15    XL:     6   Next: 18%
Magic:  0/6        EV: 14    Int: 10    God:    Dithmenos [*.....]
Gold:   129        SH:  0    Dex: 15    Spells: 5/5 levels left

rFire  . . .     SeeInvis .     a - +0 flail
rCold  . . .     Gourm    .     b - +0 leather armour
rNeg   . . .     Faith    .     (no shield)
rPois  .         Spirit   +     c - +0 helmet
rElec  .         Reflect  .     (no cloak)
rCorr  .         Harm     .     (no gloves)
MR     .....                    o - +0 pair of boots
Stlth  +.........               t - amulet of guardian spirit
                                (no ring)
                                (no ring)

@: wreathed by umbra
A: thin metallic scales 1, rot immunity
a: Renounce Religion


You were on level 4 of the Dungeon.
You worshipped Dithmenos.
Dithmenos was aware of your devotion.
You were near starving.

You visited 1 branch of the dungeon, and saw 4 of its levels.

You collected 129 gold pieces.

Inventory:

Hand Weapons
 a - a +0 flail (weapon)
Missiles
 d - 3 throwing nets (quivered)
Armour
 b - a +0 leather armour (worn)
 c - a +0 helmet (worn)
 o - a +0 pair of boots (worn)
Jewellery
 t - an amulet of guardian spirit (around neck)
Wands
 w - a wand of polymorph (11/24)
Scrolls
 e - 4 scrolls of teleportation {unknown}
 h - 3 scrolls of enchant armour {unknown}
 j - 5 scrolls of identify {unknown}
 l - a scroll of recharging {unknown}
 m - 4 scrolls of magic mapping {unknown}
 n - 6 scrolls of remove curse {unknown}
 p - a scroll of fear {unknown}
 q - 3 scrolls of fog {unknown}
 x - a scroll of amnesia {unknown}
Potions
 i - a potion of magic {unknown}
 s - 2 potions of curing {unknown}
 u - a potion of lignification {unknown}
 v - 2 potions of resistance {unknown}
Comestibles
 f - 2 bread rations
 g - 2 slices of pizza
 k - 2 meat rations
 r - a beef jerky
 z - 2 fruits


   Skills:
 - Level 5.0 Fighting
 - Level 2.6 Maces & Flails
 - Level 1.7 Throwing
 + Level 4.6 Dodging


You had 5 spell levels left.
You didn't know any spells.

Dungeon Overview and Level Annotations

Branches:
Dungeon (4/15)
 Temple: D:4-7

Altars:
Ashenzari
Dithmenos
Qazlal


Innate Abilities, Weirdness & Mutations

You are partially covered in thin metallic scales. (AC +2)
You are immune to rotting.


Message History

Blork the orc seems to speed up.
The orc hits you with a whip.
* * * LOW HITPOINT WARNING * * *
You hit Blork the orc.
Blork the orc is almost dead.
Blork the orc misses you. The orc hits you with a mace.
* * * LOW HITPOINT WARNING * * *
The orc priest misses you. The orc barely misses you.
Blork the orc barely misses you.
You thump Blork the orc!
You kill Blork the orc!
Dithmenos accepts your kill.
Dithmenos appreciates your extinguishing a source of fire.
You have reached level 6!
Your experience leads to an increase in your attributes!
Increase (S)trength, (I)ntelligence, or (D)exterity?
You feel agile.
Your demonic ancestry asserts itself...
Thin metallic scales grow over part of your body.
The orc hits you but does no damage.
The orc priest hits you with a hand axe!
You die...

.........# .........#
.......??## ..........
.# #..........=.# ..
#............# #.
#.........oo)# #.##
#.........o@.# #..#
#............#
#.###.##...###...#
###..#..##...###...####
<.)...........(!........
####.#..................
#.)...................
##.....#.####...######
#...#.#.# #####


You could see an orc priest and 2 orcs.

Vanquished Creatures
  Blork the orc (D:4)
  A hound (D:4)
  Jessica (D:3)
  An orc wizard (D:4)
  4 adders (D:2)
  A worm (D:2)
  4 dart slugs
  4 leopard geckos
  12 orcs
  9 bats
  7 giant cockroaches
  10 goblins
  11 hobgoblins
  5 jackals (D:2)
  3 quokkas (D:3)
  3 frilled lizards
  14 kobolds
  9 rats
100 creatures vanquished.

Notes
Turn   | Place    | Note
-------+----------+-------------------------------------------
     0 | D:1      | HarleyQuinn the Demonspawn Gladiator began the quest for the Orb.
     0 | D:1      | Reached XP level 1. HP: 16/16 MP: 1/1
   452 | D:1      | Gained mutation: You are immune to rotting. [demonic ancestry]
   452 | D:1      | Reached XP level 2. HP: 17/23 MP: 2/2
   793 | D:1      | Reached skill level 3 in Fighting
  1679 | D:1      | Reached XP level 3. HP: 23/29 MP: 3/3
  2391 | D:2      | Found a shadowy altar of Dithmenos.
  2404 | D:2      | Became a worshipper of Dithmenos the Shadowed
  2425 | D:2      | Reached skill level 4 in Fighting
  2738 | D:2      | Found a faded altar of an unknown god.
  2773 | D:2      | Reached XP level 4. HP: 32/37 MP: 4/4
  4115 | D:3      | Reached skill level 5 in Fighting
  4272 | D:3      | Reached * piety under Dithmenos
  4306 | D:3      | Found a stormy altar of Qazlal.
  4322 | D:3      | Found a shattered altar of Ashenzari.
  4350 | D:3      | Noticed Jessica
  4360 | D:3      | Killed Jessica
  4360 | D:3      | Reached XP level 5. HP: 42/44 MP: 3/5
  4684 | D:3      | HP: 2/44 [quokka (2)]
  5732 | D:4      | Noticed Blork the orc
  5744 | D:4      | Killed Blork the orc
  5744 | D:4      | Gained mutation: You are partially covered in thin metallic scales. (AC +2) [demonic ancestry]
  5744 | D:4      | Reached XP level 6. HP: 3/51 MP: 0/6
  5744 | D:4      | Slain by an orc priest

Vault maps used:
D:1:      dpeg_arrival_oval, hangedman_decor_growths, grunt_decor_one_mirror
D:2:      lemuel_round_altar, chequers_ecumenical_altar_simple_redux,
          first_bread, minmay_misc_feat_more_columns
D:3:      grunt_qazlal_clouds, ashenzari_conservatory_becter, solitary_fountain,
          uniq_jessica
D:4:      zin_purify, uniq_blork_the_orc

Skill      XL: |  1  2  3  4  5 |
---------------+----------------+-----
Fighting       | 3 4 5 |  5.0
Dodging        | 3 4 |  4.6
Maces & Flails | |  2.6
Throwing       | |  1.7

Action                   |  1- 3 |  4- 6 || total
-------------------------+-------+-------++-------
Melee: Flail             |   150 |   202 ||   352
       Unarmed           |       |     4 ||     4
 Stab: Sleeping          |       |     1 ||     1
  Eat: Chunk             |     6 |     8 ||    14
Armor: Leather armour    |    53 |    67 ||   120
Dodge: Dodged            |   139 |   214 ||   353
